 Dungeon Crawl Stone Soup version 0.29.1-12-g30fa7ad0bf (webtiles) character file.

Game seed: 3316929786759848162

64 112233 the Gusty (level 3, -3/14 HPs)
             Began as a Felid Air Elementalist on Dec 24, 2022.
             Was an Initiate of Vehumet.
             Killed from afar by an orc wizard (7 damage)
             ... with a puff of flame
             ... on level 3 of the Dungeon.
             The game lasted 00:02:17 (2611 turns).

112233 the Gusty (Felid Air Elementalist)           Turns: 2611, Time: 00:02:18

Health: -3/14      AC:  1    Str:  4    XL:     3   Next: 91%
Magic:  2/7        EV: 17    Int: 18    God:    Vehumet [......]
Gold:   98         SH:  0    Dex: 16    Spells: 0/6 levels left
                                        Lives:  0   Deaths: 1

rFire   . . .      SeeInvis +   (weapon unavailable)
rCold   . . .      Faith    .   (shield unavailable)
rNeg    . . .      Spirit   .   (body armour unavailable)
rPois   .          Reflect  .   (helmet unavailable)
rElec   .          Harm     .   (cloak unavailable)
rCorr   .          Rampage  .   (gloves unavailable)
Will    .....                   (boots unavailable)
Stlth   +.........              (no amulet)
HPRegen 0.04/turn               (no ring)
MPRegen 0.10/turn               (no ring)

@: confused, quick
A: very small, claws 1, fangs 3, see invisible, speed 1, shaggy fur 1, stealthy
paws, no weapons or thrown items, no armour, multi-lived
a: Renounce Religion


You were on level 3 of the Dungeon.
You worshipped Vehumet.
Vehumet was noncommittal.
You visited 1 branch of the dungeon, and saw 3 of its levels.

You collected 98 gold pieces.

Inventory:

Jewellery
 l - a ring of resist corrosion
Scrolls
 d - 3 scrolls of magic mapping {unknown}
 f - a scroll of vulnerability {unknown}
 g - 2 scrolls of identify {unknown}
 h - a scroll of noise {unknown}
 i - 2 scrolls of blinking {unknown}
 j - a scroll of teleportation {unknown}
 m - a scroll of fear {unknown}
 n - a scroll of amnesia {unknown}
Potions
 a - a potion of magic
 c - 3 potions of curing {unknown}
 e - a potion of ambrosia
 k - a potion of cancellation {unknown}


   Skills:
 - Level 2.6 Dodging
 - Level 2.6 Stealth
 - Level 2.0 Spellcasting
 - Level 0.8 Conjurations
 + Level 5.0 Air Magic


You couldn't memorise any spells.
You knew the following spells:

 Your Spells              Type           Power      Damage    Failure   Level
a - Shock                 Conj/Air       48%        1d6       5%          1
b - Static Discharge      Conj/Air       12%        3-5/arc   9%          2
c - Swiftness             Air            20%        N/A       7%          3

Your spell library contained the following spells:

 Spells                   Type           Power      Damage    Failure   Level
 Foxfire                  Conj/Fire      12%        2x1d4     16%         1
 Airstrike                Air            10%        2d(2-18)  22%         4
 Conjure Flame            Conj/Fire      3%         6-21      41%         3
 Inner Flame              Hex/Fire       1%         N/A       47%         3
 Flame Wave               Conj/Fire      3%         2d5       83%         4
 Alistair's Intoxication  Tmut/Pois      0%         N/A       99%         5
 Borgnjor's Vile Clutch   Necr/Erth      0%         N/A       99%         5
 Eringya's Noxious Bog    Tmut/Pois      0%         N/A       100%        6


Dungeon Overview and Level Annotations

Branches:
Dungeon (3/15)

Altars:
Vehumet

Annotations:
D:2 Terence


Innate Abilities, Weirdness & Mutations

You have sharp claws.
You have razor-sharp teeth.
You have supernaturally acute eyesight. (SInv)
You cover ground quickly. (Speed+)
You are covered in fur. (AC +1)
Your paws help you pounce on unaware monsters.
You are incapable of wielding weapons or throwing items.
You cannot wear armour.
You gain extra lives every three experience levels.


Message History

You don't have enough magic to cast this spell.
Unknown command.
You barely miss the orc wizard.
The orc wizard is heavily wounded.
The orc wizard closely misses you.
You scratch the orc wizard. Your bite misses the orc wizard.
The orc wizard is severely wounded.
The orc wizard barely misses you.
You barely miss the orc wizard.
The orc wizard is severely wounded.
The orc wizard casts a spell at you. The magic dart hits you!
Ouch! That really hurt!
* * * LOW HITPOINT WARNING * * *
You are too injured to fight recklessly!
You are too injured to fight recklessly!
You scratch the orc wizard but do no damage.
The orc wizard is severely wounded.
The orc wizard misses you.
You scratch the orc wizard but do no damage.
The orc wizard is severely wounded.
The orc wizard misses you.
You closely miss the orc wizard.
The orc wizard is severely wounded.
The orc wizard barely misses you.
You closely miss the orc wizard. Your claw misses the orc wizard.
The orc wizard is severely wounded.
The orc wizard gestures at you while chanting.
You are confused.
You bump into the rock wall.
The orc wizard misses you.
Unknown command.
You scratch the orc wizard but do no damage.
The orc wizard is severely wounded.
The orc wizard points at you and mumbles some strange words.
You resist with some effort.
You're too confused to move!
The orc wizard gestures at you while chanting.
The puff of flame hits you!
Ouch! That really hurt!
You die...

.... #####.# .....
#...... ..... #......
#...... ######## #......
#......######## #......
#.............####......
#..)...............#####
#...###o@...).......#####
#÷.† #######............
#... #.......#.... #...
#.......#.... #...
#########.... #.<. ###..
#... #.. #.. #..


You could see an orc wizard.

Vanquished Creatures
  Jessica (D:2)
  Robin (D:2)
  2 adders (D:2)
  2 worms (D:3)
  3 orcs (D:3)
  5 ball pythons
  6 bats
  4 endoplasms
  4 giant cockroaches
  10 goblins
  5 hobgoblins (D:2)
  3 kobolds
  6 rats
52 creatures vanquished.

Notes
Turn   | Place    | Note
-------+----------+-------------------------------------------
     0 | D:1      | 112233 the Felid Air Elementalist began the quest for the
                  | Orb.
     0 | D:1      | Reached XP level 1. HP: 7/7 MP: 4/4
   155 | D:1      | Reached skill level 3 in Air Magic
   426 | D:1      | Reached XP level 2. HP: 11/11 MP: 4/6
   914 | D:2      | Found a radiant altar of Vehumet.
   925 | D:2      | Noticed Terence
  1109 | D:2      | Reached XP level 3. HP: 14/14 MP: 3/7
  1114 | D:2      | Learned a level 2 spell: Static Discharge
  1215 | D:2      | Reached skill level 4 in Air Magic
  1447 | D:2      | Noticed Robin
  1564 | D:2      | Killed Robin
  1678 | D:2      | Reached XP level 4. HP: 11/18 MP: 3/8
  1728 | D:2      | Became a worshipper of Vehumet
  1800 | D:2      | Noticed Jessica
  1806 | D:2      | Killed Jessica
  1865 | D:2      | Learned a level 3 spell: Swiftness
  2215 | D:3      | Slain by an orc
  2216 | D:3      | Reached XP level 3. HP: -2/14 MP: 7/7
  2379 | D:3      | Reached skill level 5 in Air Magic
  2611 | D:3      | Killed from afar by an orc wizard

Illustrated notes

Levels and vault maps discovered:
D:1:      dpeg_arrival_tiny_c, layout_rooms, chequers_serial_rivers_micro_c,
          grunt_decor_junction
D:2:      layout_rooms, basic_altar, minmay_tetromino_i2, uniq_robin,
          uniq_terence, uniq_jessica
D:3:      layout_basic, basic_ecumenical_altar

Skill      XL: |  1  2  3 |
---------------+----------+-----
Air Magic      | 3 5 |  5.0
Dodging        | |  2.6
Stealth        | |  2.6
Spellcasting   | |  2.0
Conjurations   | |  0.8

Action                   |  1- 3 |  4- 6 || total
-------------------------+-------+-------++-------
Melee: Unarmed           |    19 |     1 ||    20
 Cast: Shock             |    92 |    22 ||   114
       Static Discharge  |     2 |     1 ||     3
  Use: Potion            |       |     2 ||     2
Armor: Skin              |     1 |       ||     1
Dodge: Dodged            |    25 |     4 ||    29
